 Dungeon Crawl Stone Soup version 0.31-a0-1336-g7fd7ca34b5 (webtiles) character file.

Game seed: 7848388113294511033

842 tsouns the Fighter (level 8, -3/92 HPs)
             Began as an Oni Monk on Dec 21, 2023.
             Slain by a gnoll
             ... wielding a +0 whip
             ... led by a gnoll sergeant
              (8 damage)
             ... on level 5 of the Dungeon.
             The game lasted 00:07:07 (3911 turns).

tsouns the Fighter (Oni Monk)                       Turns: 3911, Time: 00:07:08

Health: -3/92      AC:  3    Str: 16    XL:     8   Next: 0%
Magic:  8/8        EV: 10    Int: 13    God:
Gold:   262        SH:  0    Dex: 11    Spells: 7/7 levels left

rFire   + . .        g - +1 hand axe (freeze)
rCold   . . .        d - orb {light}
rNeg    . . .        b - +0 robe
rPois   .            (helmet restricted)
rElec   .            (no cloak)
rCorr   .            (gloves unavailable)
SInv    .            (boots unavailable)
Will    .....        i - amulet of the acrobat
Stlth   +            p - ring of protection from fire
HPRegen 0.35/turn    (no ring)
MPRegen 0.11/turn

%: acrobat
@: glowing
A: drunken brawling, large, unfitting armour, horns 1, tough skin 1, double
potion healing
a: no special abilities


You were on level 5 of the Dungeon.
You visited 1 branch of the dungeon, and saw 5 of its levels.

You collected 262 gold pieces.

Inventory:

Hand Weapons
 a - a +0 hand axe
 g - a +1 hand axe of freezing (weapon)
Armour
 b - a +0 robe (worn)
 d - an orb of light (worn)
Jewellery
 i - an amulet of the acrobat (around neck)
 p - a ring of protection from fire (left hand)
Wands
 t - a wand of iceblast (5)
 x - a wand of mindburst (15)
Scrolls
 h - 2 scrolls of blinking {unknown}
 j - a scroll of noise {unknown}
 k - 5 scrolls of identify {unknown}
 m - a scroll of acquirement {unknown}
 n - a scroll of amnesia {unknown}
 o - 2 scrolls of poison {unknown}
 r - a scroll of silence {unknown}
 s - a scroll of brand weapon {unknown}
Potions
 c - 2 potions of ambrosia
 e - 2 potions of invisibility {unknown}
 f - a potion of degeneration {unknown}
 l - 2 potions of mutation {unknown}
 q - a potion of attraction {unknown}
 u - a potion of brilliance {unknown}
 v - 3 potions of curing {unknown}
 w - a potion of heal wounds {unknown}


   Skills:
 + Level 9.0 Fighting
 + Level 6.8 Axes
 - Level 2.6 Dodging


You had 7 spell levels left.
You didn't know any spells.
Your spell library was empty.

Dungeon Overview and Level Annotations

Branches:
Dungeon (5/15)
 Temple: D:4-7

Altars:
Cheibriados
Kikubaaqudgha
Okawaru
The Shining One

Shops:
D:3 (


Innate Abilities, Weirdness & Mutations

Whenever you drink a potion that restores your health or magic, you attack all enemies around you.
You are too large for most types of armour.
You have a pair of small horns on your head.
You have tough skin. (AC +1)
Whenever you drink a potion that restores your health or magic, it restores twice as much.


Message History

The gnoll sergeant blocks your attack.
The gnoll sergeant is severely wounded.
You hit the gnoll. You freeze the gnoll.
You kill the gnoll!
You hit the gnoll sergeant but do no damage.
You headbutt the gnoll sergeant, but do no damage.
The gnoll sergeant is severely wounded.
You hit the gnoll. You freeze the gnoll.
The gnoll sergeant hits you with a +0 trident.
* * * LOW HITPOINT WARNING * * *
The gnoll barely misses you.
You hit the gnoll sergeant. You freeze the gnoll sergeant.
The gnoll sergeant is almost dead.
You hit the gnoll. You freeze the gnoll.
The gnoll sergeant completely misses you.
The gnoll hits you with a +0 spear.
* * * LOW HITPOINT WARNING * * *
You hit the gnoll sergeant. You freeze the gnoll sergeant.
You headbutt the gnoll sergeant, but do no damage.
The gnoll sergeant is almost dead.
You hit the gnoll but do no damage.
The gnoll sergeant hits you with a +0 trident.
* * * LOW HITPOINT WARNING * * *
The gnoll hits you with a +0 spear.
* * * LOW HITPOINT WARNING * * *
You slash the gnoll! You freeze the gnoll.
You kill the gnoll!
The gnoll sergeant blocks your attack.
The gnoll sergeant hits you with a +0 trident.
* * * LOW HITPOINT WARNING * * *
Unknown command.
The gnoll sergeant blocks your attack.
You headbutt the gnoll sergeant.
You kill the gnoll sergeant!
You hit the gnoll. You freeze the gnoll. The gnoll barely misses you.
Your Fighting skill increases to level 9!
You have reached level 8!
You hit the gnoll. You freeze the gnoll.
The gnoll is severely wounded.
The gnoll hits you with a +0 whip!
You die...

# ..#.. . ## ....
..#. ...# . ....
...# .. .... ...#...
.... . ## ..... #.
....... #.###g.#
..###
.......##...@)## ..
##....
.......#.......#..##
#.....
..................#
......
#.....#.....#$....
#....
#....##...##.....
##...
#....#.....#.....
.#....
#...............#
......
##...#†......#..##
#.....
.......##.....###...
##....


You could see a gnoll.

Vanquished Creatures
  A water moccasin (D:3)
  An orc warrior (D:4)
  A centaur (D:5)
  A gnoll sergeant (D:5)
  2 scorpions (D:5)
  An orc priest (D:3)
  A jelly (D:4)
  3 hounds
  An iron imp (D:3)
  An orc wizard (D:4)
  6 gnolls
  4 adders
  3 worms
  A dart slug (D:4)
  9 orcs
  5 ball pythons
  3 bats
  3 endoplasms
  2 giant cockroaches
  10 hobgoblins
  6 jackals (D:1)
  4 quokkas
  2 frilled lizards
  5 goblins
  4 kobolds
  6 rats
86 creatures vanquished.

Notes
Turn   | Place    | Note
-------+----------+-------------------------------------------
     0 | D:1      | tsouns the Oni Monk began the quest for the Orb.
     0 | D:1      | Reached XP level 1. HP: 24/24 MP: 1/1
   129 | D:1      | Gained mutation: Whenever you drink a potion that restores
                  | your health or magic, it restores twice as much. [Oni
                  | growth]
   129 | D:1      | Gained mutation: You have a pair of small horns on your
                  | head. [Oni growth]
   129 | D:1      | Gained mutation: You have tough skin. (AC +1) [Oni growth]
   129 | D:1      | Reached XP level 2. HP: 33/33 MP: 2/2
   411 | D:1      | Reached XP level 3. HP: 39/40 MP: 3/3
   678 | D:2      | Reached skill level 5 in Fighting
  1175 | D:2      | Reached XP level 4. HP: 50/50 MP: 4/4
  1470 | D:3      | Found a glowing golden altar of the Shining One.
  1592 | D:3      | Found an iron altar of Okawaru.
  1700 | D:3      | Found Oremn's Weapon Shoppe.
  1841 | D:3      | Noticed a water moccasin
  1853 | D:3      | Killed a water moccasin
  1854 | D:3      | Reached skill level 6 in Fighting
  1854 | D:3      | Reached skill level 5 in Axes
  1854 | D:3      | Reached XP level 5. HP: 42/61 MP: 5/5
  1935 | D:3      | Found an ancient bone altar of Kikubaaqudgha.
  2025 | D:3      | Reached XP level 6. HP: 68/68 MP: 6/6
  2210 | D:3      | Found a snail-covered altar of Cheibriados.
  2364 | D:4      | Reached skill level 7 in Fighting
  2971 | D:4      | Noticed an orc warrior
  3274 | D:5      | Entered Level 5 of the Dungeon
  3315 | D:5      | Reached XP level 7. HP: 32/78 MP: 7/7
  3471 | D:4      | Reached skill level 8 in Fighting
  3513 | D:5      | Identified the +0 whip "Jatehul" {freeze, SInv}
  3909 | D:5      | HP: 4/81 [gnoll sergeant/+0 trident (3)]
  3911 | D:5      | Reached skill level 9 in Fighting
  3911 | D:5      | Reached XP level 8. HP: 5/92 MP: 8/8
  3911 | D:5      | Slain by a gnoll

Illustrated notes

Levels and vault maps discovered:
D:1:      roderic_dead_forest, layout_basic
D:2:      layout_loops_ring
D:3:      layout_loops_cross, tso_metal_star, mainiacjoe_overflow_alcove_4,
          slow_altar_1, amcnicky_altar_gilded, serial_shops, shop
D:4:      layout_gridville
D:5:      nicolae_cairo_tiling_large_dashed, layout_cave_pools,
          nicolae_overflow_two_pavilions, uniq_edmund

Skill      XL: |  1  2  3  4  5  6  7 |
---------------+----------------------+-----
Fighting       | 5 6 7 9 |  9.0
Axes           | 4 5 6 |  6.8
Dodging        | |  2.6

Action                     |  1- 3 |  4- 6 |  7- 9 || total
---------------------------+-------+-------+-------++-------
  Melee: Hand axe          |    69 |    91 |    40 ||   200
         Headbutt          |     8 |    21 |    12 ||    41
  Evoke: Wand              |       |       |     4 ||     4
 Armour: Robe              |    44 |    57 |    49 ||   150
  Dodge: Dodged            |    26 |    50 |    19 ||    95

Table legend: (Time is in decaauts)
 A = Elapsed time spent in this place.
 B = Non-inter-level travel time spent in this place.
 C = Inter-level travel time spent in this place.
 D = Time resting spent in this place.
 E = Time spent auto-exploring this place.
 F = Levels seen in this place.
 G = Mean time per level.
                   A        B        C        D        E       F      G
               +--------+--------+--------+--------+--------+-----+--------+
         Total |   3924 |   3753 |    171 |      0 |   3168 |   5 |  784.8 |
       Dungeon |   3924 |   3753 |    171 |      0 |   3168 |   5 |  784.8 |
               +--------+--------+--------+--------+--------+-----+--------+

Top non-repeatable levels by time:
     D:4: 1308 daAuts
     D:3: 917 daAuts
     D:2: 789 daAuts
     D:1: 651 daAuts
     D:5: 258 daAuts
